 Dungeon Crawl Stone Soup version 0.24.1-8-ga250c9d538 (webtiles) character file.

Game seed: 13564185710801661635, levelgen mode: deterministic

79 Hugehornet the Changer (level 4, -8/28 HPs)
             Began as an Octopode Transmuter on May 5, 2020.
             Mangled by an ogre
             ... wielding a +0 giant spiked club
              (13 damage)
             ... on level 2 of the Dungeon.
             The game lasted 00:02:17 (1851 turns).

Hugehornet the Changer (Octopode Transmuter)        Turns: 1851, Time: 00:02:17

Health: -8/28      AC:  2    Str:  9    XL:     4   Next: 38%
Magic:  2/7        EV: 19    Int: 16    God:
Gold:   66         SH:  0    Dex: 17    Spells: 1/7 levels left

rFire    . . .     SeeInvis .     - Unarmed
rCold    . . .     Gourm    .   (shield currently unavailable)
rNeg     . . .     Faith    .   (helmet currently unavailable)
rPois    x         Spirit   .   (no amulet)
rElec    .         Reflect  .   (no ring)
rCorr    .         Harm     .   (no ring)
MR       .....                  (no ring)
Stlth    ++........             (no ring)
HPRegen  0.09/turn              (no ring)
MPRegen  0.10/turn              (no ring)
                                (no ring)
                                (no ring)

@: spider-form, very slightly contaminated
A: tiny, almost no armour, stealthy swim, (amphibious), 8 rings, (constrict 8)
a: End Transformation


You were on level 2 of the Dungeon.
You were hungry.
You were a venomous arachnid creature.
You visited 1 branch of the dungeon, and saw 2 of its levels.

You collected 66 gold pieces.

Inventory:

Missiles
 a - 12 arrows
Jewellery
 h - an uncursed amulet of the acrobat {unknown}
Scrolls
 b - a scroll of magic mapping {unknown}
 f - a scroll of teleportation {unknown}
Potions
 d - a potion of mutation {unknown}
 e - a potion of berserk rage {unknown}
 g - a potion of curing {unknown}
Comestibles
 c - 2 rations


   Skills:
 - Level 1.0 Fighting
 - Level 2.0 Dodging
 * Level 3.4 Unarmed Combat
 - Level 2.0 Spellcasting
 * Level 3.9 Transmutations
 - Level 1.0 Poison Magic


You had one spell level left.
You knew the following spells:

 Your Spells              Type           Power        Failure   Level  Hunger
a - Beastly Appendage     Tmut           ##....       13%         1    #......
b - Sticks to Snakes      Tmut           ##......     17%         2    ###....
c - Spider Form           Tmut/Pois      #.........   43%         3    ###....

Your spell library contained the following spells:

 Spells                   Type           Power        Failure   Level  Hunger
 Ice Form                 Ice/Tmut       #.......     85%         4    #####..
 Blade Hands              Tmut           ##........   89%         5    ######.


Dungeon Overview and Level Annotations

Branches:
Dungeon (2/15)

Altars:


Innate Abilities, Weirdness & Mutations

You cannot wear most types of armour.
You are very stealthy in the water. (Stealth+)
((You are amphibious.))
You can wear up to eight rings at the same time.
((You can use your tentacles to constrict eight enemies at once.))
((Your skin changes colour to match your surroundings (Stealth+).))
((Your rubbery body absorbs attacks. (AC +1, EV +1)))


Message History

You are very lightly contaminated with residual magic.
You feel slightly ill.
The ogre shouts!
You see here a club.
Casting: Spider Form (safe; 22% risk of failure)
Confirm with . or Enter, or press ? or * to list all spells.
You turn into a venomous arachnid creature.
You are feeling hungry.
You barely miss the ogre.
A frilled lizard comes into view.
The ogre hits you with a +0 giant spiked club!!
Ouch! That really hurt!
* * * LOW HITPOINT WARNING * * *
The frilled lizard hisses angrily.
You bite the ogre!
The ogre is moderately wounded.
You hit the ogre.
The ogre is poisoned.
The ogre is heavily wounded.
The ogre hits you with a +0 giant spiked club!
You die...

#......###### #.####.##
#.....###
#.(..>..########
#.##.#.......<..
#.##.#..........
####.##.#.......... .
##....##.#..........
....#l....Os...#########
..........###.......##
.....#############...##
.).. #.#.#...#)#.#..^.#
... ##.#..#.[#.##....#
#.#..###..#.#....#
##..##.##..##....#
#..##...##..#....#
#.....(..##......#


You could see an ogre and a frilled lizard.

Vanquished Creatures
  A gnoll (D:2)
  4 adders (D:2)
  A dart slug (D:2)
  2 leopard geckos
  A giant cockroach (D:1)
  A goblin (D:1)
  8 hobgoblins
  A jackal (D:2)
  4 kobolds
  2 bats
  A frilled lizard (D:1)
  5 rats
31 creatures vanquished.

Vanquished Creatures (others)
  A kobold (D:1)
1 creature vanquished.

Grand Total: 32 creatures vanquished

Notes
Turn   | Place    | Note
-------+----------+-------------------------------------------
     0 | D:1      | Hugehornet the Octopode Transmuter began the quest for the
                  | Orb.
     0 | D:1      | Reached XP level 1. HP: 13/13 MP: 3/3
   482 | D:1      | Reached XP level 2. HP: 12/18 MP: 3/5
   489 | D:1      | Learned a level 2 spell: Sticks to Snakes
   996 | D:2      | Reached XP level 3. HP: 12/23 MP: 4/6
  1075 | D:2      | Learned a level 3 spell: Spider Form
  1413 | D:2      | Reached XP level 4. HP: 9/28 MP: 5/7
  1648 | D:2      | Reached skill level 1 in Poison Magic
  1838 | D:2      | Noticed an ogre
  1851 | D:2      | Mangled by an ogre

Levels and vault maps discovered:
D:1:      lightli_arrival_chessboard, layout_loops_ring, lemuel_old_faithful
D:2:      minmay_diamond_boxcup, layout_rooms, chequers_ecumenical_altar_lobes

Skill      XL: |  1  2  3  4 |
---------------+-------------+-----
Transmutations | 3 |  3.9
Poison Magic   | 1 |  1.0
Fighting       | |  1.0
Dodging        | |  2.0
Unarmed Combat | |  3.4
Spellcasting   | |  2.0

Action                   |  1- 3 |  4- 6 || total
-------------------------+-------+-------++-------
Melee: Unarmed           |    62 |    17 ||    79
       Constrict         |    19 |     1 ||    20
       Tentacles         |     8 |     1 ||     9
       Kick              |    15 |     2 ||    17
 Cast: Beastly Appendage |    19 |     1 ||    20
       Spider Form       |       |     2 ||     2
 Stab: Sleeping          |     3 |     2 ||     5
  Eat: Chunk             |     2 |     1 ||     3
Armor: Skin              |     5 |     1 ||     6
Dodge: Dodged            |    30 |    12 ||    42
